 Dungeon Crawl Stone Soup version 0.31-a0-620-gd1cbd99268 (webtiles) character file.

Game seed: 1833599370601298598

36 javelincjr the Conjurer (level 3, -4/24 HPs)
             Began as a Demonspawn Conjurer on Aug 23, 2023.
             Killed by nerve-wracking pain
             ... invoked by an orc priest
              (13 damage)
             ... on level 2 of the Dungeon.
             The game lasted 00:02:33 (988 turns).

javelincjr the Conjurer (Demonspawn Conjurer)        Turns: 988, Time: 00:02:34

Health: -4/24      AC:  3    Str:  7    XL:     3   Next: 19%
Magic:  0/6        EV: 17    Int: 21    God:
Gold:   37         SH:  0    Dex: 11    Spells: 5/6 levels left

rFire   . . .        d - +0 spear
rCold   . . .        (no shield)
rNeg    . . .        a - +0 robe
rPois   .            (no helmet)
rElec   .            c - +0 cloak
rCorr   .            (no gloves)
SInv    .            (no boots)
Will    .....        (no amulet)
Stlth   ++           (no ring)
HPRegen 0.24/turn    (no ring)
MPRegen 0.10/turn

%: no passive effects
@: agile
A: powered by pain 1, demonic touch 1
a: no special abilities


You were on level 2 of the Dungeon.
You visited 1 branch of the dungeon, and saw 2 of its levels.

You collected 37 gold pieces.

Inventory:

Hand Weapons
 d - a +0 spear (weapon)
Armour
 a - a +0 robe (worn)
 c - a +0 cloak (worn)
Scrolls
 e - a scroll of identify {unknown}
 f - a scroll of poison {unknown}
 g - a scroll of revelation {unknown}
Potions
 b - a potion of magic


   Skills:
 + Level 2.2 Dodging
 + Level 2.3 Stealth
 + Level 2.4 Spellcasting
 + Level 4.2 Conjurations


You had 5 spell levels left.
You knew the following spells:

 Your Spells              Type           Power      Damage    Failure   Level
a - Magic Dart            Conj           80%        1d7       2%          1

Your spell library contained the following spells:

 Spells                   Type           Power      Damage    Failure   Level
 Searing Ray              Conj           40%        2d5       3%          2
 Dazzling Flash           Conj/Hex       22%        N/A       19%         3
 Fulminant Prism          Conj/Hex       5%         3d7       52%         4
 Iskenderun's Mystic Bla  Conj/Tloc      11%        2d4       52%         4


Dungeon Overview and Level Annotations

Branches:
Dungeon (2/15)

Altars:


Innate Abilities, Weirdness & Mutations

You sometimes gain a little power by taking damage.
Your touch may inflict minor irresistible damage on your foes.


Message History

Aiming: Magic Dart (safe; 2% risk of failure)
Press: ? - help, Shift-Dir - straight line, f/p - orc priest
Aim: an orc priest, wielding a +0 short sword and wearing a +0 scale mail (lightly wounded, 100% to hit)
The magic dart hits the orc priest.
The orc priest is moderately wounded.
The orc priest closely misses you.
You are too injured to fight recklessly!
You are too injured to fight recklessly!
You are too injured to fight recklessly!
You hit the orc priest but do no damage.
You punch the orc priest, but do no damage.
The orc priest is moderately wounded.
The orc priest closely misses you.
You closely miss the orc priest.
You touch the orc priest!
The orc priest is almost dead.
The orc priest hits you but does no damage.
You barely miss the orc priest. Your touch misses the orc priest.
The orc priest is almost dead.
The orc priest closely misses you.
Casting: Magic Dart (safe; 2% risk of failure)
Confirm with . or Enter, or press ? or * to list all spells.
Aiming: Magic Dart (safe; 2% risk of failure)
Press: ? - help, Shift-Dir - straight line, f/p - orc priest
Aim: an orc priest, wielding a +0 short sword and wearing a +0 scale mail (almost dead, 100% to hit)
The magic dart hits the orc priest but does no damage.
The orc priest is almost dead.
The orc priest misses you.
You closely miss the orc priest.
You punch the orc priest, but do no damage.
The orc priest is almost dead.
The orc priest hits you with a +0 short sword.
You hit the orc priest. Your touch misses the orc priest.
The orc priest is almost dead.
The orc priest completely misses you.
You barely miss the orc priest.
The orc priest is almost dead.
The orc priest mumbles some strange prayers to Beogh against you.
Pain shoots through your body!
Ouch! That really hurt!
You die...

#................>.#
###
#..........######...
##.. #..........#
.... ###.....#+#####
#.. ####..#..†).#
.... #..#####.# ##..
#........### #.
#........o.# ..
###'######@#.# ..
#.....# ###... ..
#.....# ##... #.
#.....# .o... ##
#.....# )... #######
... #. ..< #. ##


You could see an orc priest.

Vanquished Creatures
  An adder (D:2)
  A dart slug (D:1)
  An orc (D:2)
  2 endoplasms
  2 giant cockroaches (D:1)
  3 goblins
  A hobgoblin (D:1)
  4 jackals (D:2)
  2 kobolds (D:1)
  2 ball pythons
  A bat (D:1)
  A rat (D:1)
21 creatures vanquished.

Notes
Turn   | Place    | Note
-------+----------+-------------------------------------------
     0 | D:1      | javelincjr the Demonspawn Conjurer began the quest for the
                  | Orb.
     0 | D:1      | Reached XP level 1. HP: 13/13 MP: 3/3
   376 | D:1      | Gained mutation: Your touch may inflict minor irresistible
                  | damage on your foes. [demonic ancestry]
   376 | D:1      | Reached XP level 2. HP: 10/19 MP: 0/5
   912 | D:2      | Gained mutation: You sometimes gain a little power by
                  | taking damage. [demonic ancestry]
   912 | D:2      | Reached XP level 3. HP: 24/24 MP: 3/6
   988 | D:2      | Killed from afar by an orc priest

Illustrated notes

Levels and vault maps discovered:
D:1:      dpeg_arrival_chambers_temple_mockup, layout_basic
D:2:      layout_basic

Skill      XL: |  1 |
---------------+----+-----
Stealth        | 2 |  2.3
Dodging        | 2 |  2.2
Spellcasting   | |  2.4
Conjurations   | |  4.2

Action                     || total
---------------------------++-------
  Melee: Spear             ||    46
         Touch             ||     3
         Punch             ||     2
   Cast: Magic Dart        ||    27
   Stab: Sleeping          ||     3
 Armour: Robe              ||    13
  Dodge: Dodged            ||    27

Table legend: (Time is in decaauts)
 A = Elapsed time spent in this place.
 B = Non-inter-level travel time spent in this place.
 C = Inter-level travel time spent in this place.
 D = Time resting spent in this place.
 E = Time spent auto-exploring this place.
 F = Levels seen in this place.
 G = Mean time per level.
                   A        B        C        D        E       F      G
               +--------+--------+--------+--------+--------+-----+--------+
         Total |    991 |    961 |     30 |     48 |    767 |   2 |  495.5 |
       Dungeon |    991 |    961 |     30 |     48 |    767 |   2 |  495.5 |
               +--------+--------+--------+--------+--------+-----+--------+

Top non-repeatable levels by time:
     D:1: 757 daAuts
     D:2: 234 daAuts
